 Dungeon Crawl Stone Soup version 0.30.0-10-gfe55d96785 (webtiles) character file.

Game seed: 18145425804960460853

418 justviktor the Trooper (level 6, 0/56 HPs)
             Began as a Minotaur Fighter on May 16, 2023.
             Constricted to death by Grinder (3 damage)
             ... on level 4 of the Dungeon.
             The game lasted 00:04:54 (3542 turns).

justviktor the Trooper (Minotaur Fighter)           Turns: 3542, Time: 00:04:54

Health: 0/56       AC: 13    Str: 23    XL:     6   Next: 61%
Magic:  0/6        EV:  3    Int:  5    God:
Gold:   268        SH:  4    Dex:  9    Spells: 5/5 levels left

rFire   . . .        a - +0 war axe
rCold   . . .        c - +0 buckler
rNeg    . . .        q - +0 plate armour
rPois   .            (helmet restricted)
rElec   .            y - +0 cloak
rCorr   .            (no gloves)
SInv    .            (no boots)
Will    .....        g - amulet of guardian spirit Stlth
                     (no ring)
HPRegen 0.29/turn    (no ring)
MPRegen 0.10/turn

%: guardian spirit
@: grasped by roots, constricted
A: horns 2, retaliatory headbutt
a: no special abilities


You were on level 4 of the Dungeon.
You visited 1 branch of the dungeon, and saw 4 of its levels.

You collected 268 gold pieces.

Inventory:

Hand Weapons
 a - a +0 war axe (weapon)
Missiles
 b - 7 stones (quivered)
Armour
 c - a +0 buckler (worn)
 q - a +0 plate armour (worn)
 y - a +0 cloak (worn)
Jewellery
 g - an amulet of guardian spirit (around neck)
Scrolls
 f - 2 scrolls of torment {unknown}
 h - a scroll of enchant armour {unknown}
 j - a scroll of enchant weapon
 k - a scroll of poison
 m - 2 scrolls of noise {unknown}
 r - a scroll of fear {unknown}
 s - a scroll of vulnerability {unknown}
 u - a scroll of immolation {unknown}
 v - 4 scrolls of teleportation {unknown}
 z - a scroll of fog {unknown}
 B - a scroll of blinking {unknown}
Potions
 d - 5 potions of might
 e - 3 potions of mutation {unknown}
 i - 3 potions of haste {unknown}
 l - 6 potions of curing
 n - 3 potions of lignification {unknown}
 o - 2 potions of ambrosia {unknown}
 p - a potion of attraction {unknown}
 t - a potion of heal wounds
 w - 2 potions of brilliance {unknown}
 A - a potion of berserk rage {unknown}


   Skills:
 + Level 5.0 Fighting
 + Level 4.2 Axes
 + Level 2.3 Throwing
 + Level 4.9 Armour
 + Level 4.9 Shields
 + Level 2.5 Invocations


You had 5 spell levels left.
You didn't know any spells.
Your spell library contained the following spells:

 Spells                   Type           Power      Damage    Failure   Level
 Petrify                  Tmut/Erth      0%         N/A       100%        4
 Summon Cactus Giant      Summ           0%         N/A       100%        6
 Monstrous Menagerie      Summ           0%         N/A       100%        7


Dungeon Overview and Level Annotations

Branches:
Dungeon (4/15)
 Temple: D:4-7

Altars:
Xom

Shops:
D:2 [   D:3 =

Annotations:
D:4 Grinder


Innate Abilities, Weirdness & Mutations

You have a pair of horns on your head.
You reflexively headbutt those who attack you in melee.


Message History

You shrug off the repeated paralysis!
You can move again.
You throw a stone. The stone closely misses Grinder.
Grinder blinks!
You throw a stone. The stone barely misses Grinder.
You throw a stone. The stone barely misses Grinder.
You throw a stone. The stone closely misses Grinder.
You throw a stone. The stone barely misses Grinder.
Grinder gestures at you. Pain shoots through your body!
You closely miss Grinder.
Grinder is lightly wounded.
Grinder zaps a wand.
The roots erupt in riotous growth!
The grasping roots grab you!
Grinder is unaffected.
The grasping roots constrict you!
You hit Grinder but do no damage.
Grinder is lightly wounded.
Grinder barely misses you. The grasping roots constrict you.
You barely miss Grinder.
Grinder is lightly wounded.
Grinder hits you but does no damage. The grasping roots constrict you.
Grinder barely misses you. The grasping roots constrict you!
You hit Grinder.
Grinder is lightly wounded.
Grinder hits you.
You writhe in agony.
* * * LOW HITPOINT WARNING * * *
The grasping roots constrict you.
* * * LOW HITPOINT WARNING * * *
The grasping roots release their grip on you.
You barely miss Grinder.
Grinder is lightly wounded.
Grinder zaps a wand.
The roots erupt in riotous growth!
The grasping roots grab you!
Grinder is unaffected.
The grasping roots constrict you.
* * * LOW HITPOINT WARNING * * *
You hit Grinder but do no damage.
Grinder is lightly wounded.
Grinder hits you but does no damage. The grasping roots constrict you.
* * * LOW HITPOINT WARNING * * *
Grinder hits you but does no damage. The grasping roots constrict you.
You die...

#. #. #. #. #(
#(
#.############
#.@5.........#
############.#
#.# #.# #.#
#.# #.# #.#
#.#


You could see Grinder.

Vanquished Creatures
  A black bear (D:4)
  A phantom (D:4)
  A scorpion (D:4)
  An iguana (D:4)
  Natasha (thrice) (D:3)
  An adder (D:2)
  4 dart slugs
  6 ball pythons
  5 endoplasms
  8 goblins
  9 hobgoblins
  8 jackals
  3 quokkas
  8 bats
  6 frilled lizards
  4 kobolds
  15 rats
84 creatures vanquished.

Notes
Turn   | Place    | Note
-------+----------+-------------------------------------------
     0 | D:1      | justviktor the Minotaur Fighter began the quest for the
                  | Orb.
     0 | D:1      | Reached XP level 1. HP: 19/19 MP: 0/0
   162 | D:1      | Reached XP level 2. HP: 25/27 MP: 1/1
   528 | D:1      | Reached skill level 1 in Invocations
   528 | D:1      | Reached XP level 3. HP: 33/33 MP: 2/2
   847 | D:2      | Reached skill level 4 in Fighting
   847 | D:2      | Reached skill level 1 in Throwing
   980 | D:2      | Found a shimmering altar of Xom.
  1400 | D:2      | Found Xuostoac's Armour Shoppe.
  1776 | D:2      | Reached XP level 4. HP: 40/40 MP: 3/3
  2056 | D:3      | Noticed Natasha
  2061 | D:3      | Killed Natasha
  2237 | D:3      | Found Wem Fuad's One-of-a-Kind Rings.
  2355 | D:3      | Noticed Natasha
  2361 | D:3      | Killed Natasha
  2500 | D:3      | Reached XP level 5. HP: 47/47 MP: 5/5
  2506 | D:3      | Got the Parchment of Amalgamated Vicissitude
  2700 | D:3      | Noticed Natasha
  2710 | D:3      | Killed Natasha
  2948 | D:4      | Noticed a black bear
  2955 | D:4      | Killed a black bear
  3085 | D:4      | Reached XP level 6. HP: 38/53 MP: 4/6
  3267 | D:4      | Reached skill level 5 in Fighting
  3510 | D:4      | Noticed Grinder
  3516 | D:4      | Paralysed by Grinder for 3 turns
  3528 | D:4      | Paralysed by Grinder for 4 turns
  3542 | D:4      | Constricted to death by Grinder

Illustrated notes

Levels and vault maps discovered:
D:1:      dpeg_arrival_ratfight, layout_loops_ring,
          minmay_misc_feat_more_columns
D:2:      layout_basic, basic_altar, serial_shops, nicolae_shop_peninsula,
          serial_forest, infiniplex_forest_clump_medium,
          infiniplex_forest_straight_3, infiniplex_forest_clump_C,
          infiniplex_forest_straight_5, infiniplex_forest_clump_small,
          infiniplex_forest_fountain, infiniplex_forest_clump_small
D:3:      layout_loops_ring, nicolae_shop_unique_rings,
          minmay_goblin_kobold_house, uniq_natasha
D:4:      layout_loops_ring, ebering_ghost_reflecting_pool, uniq_grinder

Skill      XL: |  1  2  3  4  5  6 |
---------------+-------------------+-----
Invocations    | 1 2 |  2.5
Axes           | 3 4 |  4.2
Shields        | 4 |  4.9
Fighting       | 4 5 |  5.0
Throwing       | 1 2 |  2.3
Armour         | 4 |  4.9

Action                     |  1- 3 |  4- 6 || total
---------------------------+-------+-------++-------
  Melee: War axe           |   123 |    97 ||   220
         Headbutt          |    11 |    10 ||    21
  Throw: Stone             |       |    21 ||    21
         Dart              |       |     4 ||     4
    Use: Scroll            |     3 |       ||     3
 Armour: Scale mail        |    68 |       ||    68
         Plate armour      |     4 |    52 ||    56
  Dodge: Dodged            |    67 |    26 ||    93
  Block: Buckler           |    26 |    16 ||    42
